 Dungeon Crawl Stone Soup version 0.31-a0-744-gbc345e7fcb (webtiles) character file.

Game seed: 1114797667199889857

282 GigaChad the Shield-Bearer (level 6, -10/49 HPs)
             Began as a Formicid Fighter on Sept 13, 2023.
             Killed from afar by an orc wizard (13 damage)
             ... with a puff of flame
             ... on level 3 of the Dungeon.
             The game lasted 00:02:52 (1832 turns).

GigaChad the Shield-Bearer (Formicid Fighter)       Turns: 1832, Time: 00:02:52

Health: -10/49     AC: 10    Str: 23    XL:     6   Next: 53%
Magic:  6/6        EV:  9    Int:  7    God:
Gold:   185        SH:  5    Dex: 13    Spells: 5/5 levels left

rFire   x . .        a - +0 war axe
rCold   + + .        c - +0 buckler
rNeg    . . .        j - +0 ice dragon scales
rPois   .            (helmet unavailable)
rElec   .            (no cloak)
rCorr   .            (no gloves)
SInv    +            (no boots)
Will    +....        (no amulet) Stlth
                     h - ring of flight
HPRegen 0.28/turn    t - ring of willpower
MPRegen 0.10/turn

%: no passive effects
@: flying
A: permanent stasis, dig shafts and tunnels, antennae 3, four strong arms
a: Dig, Shaft Self


You were on level 3 of the Dungeon.
You visited 1 branch of the dungeon, and saw 3 of its levels.
You also visited: Sewer.

You collected 185 gold pieces.

Inventory:

Hand Weapons
 a - a +0 war axe (weapon)
Armour
 b - a +0 scale mail
 c - a +0 buckler (worn)
 j - +0 ice dragon scales (worn)
Jewellery
 h - a ring of flight (left hand)
 t - a ring of willpower (right hand)
Wands
 g - a wand of flame (18)
Scrolls
 f - a scroll of identify
 k - a scroll of vulnerability
 n - a scroll of noise
Potions
 d - 2 potions of might
 e - a potion of curing
 i - a potion of brilliance {unknown}
 l - 2 potions of degeneration {unknown}
 m - a potion of magic {unknown}
 o - a potion of haste {unknown}
 r - a potion of heal wounds {unknown}


   Skills:
 * Level 4.5 Fighting
 * Level 4.5 Axes
 * Level 4.4 Armour
 * Level 4.9 Shields


You had 5 spell levels left.
You didn't know any spells.
Your spell library was empty.

Dungeon Overview and Level Annotations

Branches:
Dungeon (3/15)              Sewer (visited)

Altars:
Wu Jian


Innate Abilities, Weirdness & Mutations

You cannot be hasted, slowed, berserked, paralysed or teleported.
You can dig through walls and to a lower floor.
You have a pair of large antennae on your head. (SInv)
Your four strong arms can wield two-handed weapons with a shield.


Message History

The orc priest mumbles some strange prayers to Beogh against you.
You resist with some effort. The orc wizard closely misses you.
You closely miss the orc wizard.
The orc wizard is almost dead.
You hit the orc wizard.
The orc wizard points at you and mumbles some strange words.
The magic dart hits you.
The orc priest calls down the wrath of Beogh upon you.
You resist with some effort.
The orc wizard hits you but does no damage. x2
The orc priest calls down the wrath of Beogh upon you.
Beogh smites you!
* * * LOW HITPOINT WARNING * * *
The orc wizard points at you and mumbles some strange words.
You are confused.
Unknown command.
You hit the orc wizard.
The orc wizard is almost dead.
You closely miss the orc wizard. The orc wizard casts a spell at you.
The magic dart hits you but does no damage.
The orc wizard hits you but does no damage.
Unknown command.
You closely miss the orc wizard.
The orc wizard is severely wounded.
You closely miss the orc wizard. The orc wizard barely misses you.
The orc wizard hits you with a +3 dagger.
* * * LOW HITPOINT WARNING * * *
Unknown command.
You closely miss the orc wizard.
The orc wizard is almost dead.
You slash the orc priest! You miss the orc wizard.
The orc wizard barely misses you. The orc priest hits you with a +0 whip.
* * * LOW HITPOINT WARNING * * *
The orc wizard hits you but does no damage. x2
The orc priest closely misses you. The orc wizard barely misses you.
You feel less confused. The orc wizard casts a spell at you.
The puff of flame hits you! The fire burns you terribly!
You die...

.......## ###.......## #
.......... ########
#....... ........ #.....
##..... ######...##
#.#### #......ooo# ###
#.. #......@).# #...##..
#.........# #....#
#.........####......##.#
#..............#... ##.#
..........#####..# #..#
..........####..#####.##
#.......................
########.###..####..##†#
#..#...#.....#..#


You could see an orc priest and 2 orc wizards.

Vanquished Creatures
  A water moccasin (Sewer)
  Jessica (D:2)
  5 adders
  2 worms (D:2)
  4 dart slugs
  5 orcs
  8 endoplasms
  5 giant cockroaches
  7 goblins
  9 hobgoblins
  2 jackals (D:1)
  10 kobolds
  5 quokkas
  4 ball pythons
  9 bats
  7 frilled lizards
  3 rats
87 creatures vanquished.

Vanquished Creatures (collateral kills)
  A kobold (D:3)
1 creature vanquished.

Grand Total: 88 creatures vanquished

Notes
Turn   | Place    | Note
-------+----------+-------------------------------------------
     0 | D:1      | GigaChad the Formicid Fighter began the quest for the Orb.
     0 | D:1      | Reached XP level 1. HP: 18/18 MP: 1/1
    17 | D:1      | Reached XP level 2. HP: 12/24 MP: 2/2
   213 | D:1      | Reached XP level 3. HP: 28/29 MP: 3/3
   587 | D:2      | Reached XP level 4. HP: 29/37 MP: 4/4
   618 | D:2      | Noticed Jessica
   631 | D:2      | Killed Jessica
   836 | D:2      | Reached XP level 5. HP: 39/42 MP: 5/5
   948 | D:2      | Found an ornate altar of the Wu Jian Council.
  1456 | D:3      | Found a glowing drain.
  1510 | Sewer    | Entered a sewer
  1537 | Sewer    | Noticed a water moccasin
  1546 | Sewer    | Killed a water moccasin
  1547 | Sewer    | Reached XP level 6. HP: 41/49 MP: 6/6
  1832 | D:3      | Killed from afar by an orc wizard

Illustrated notes

Levels and vault maps discovered:
D:1:      spicycebolla_green_bress_n_ham, layout_basic, minmay_tromino_v7
D:2:      layout_basic, basic_altar, guppyfry_early_orc_mine, uniq_jessica
D:3:      layout_rooms, gup_sewer_entry_pipe

Skill      XL: |  1  2  3  4  5 |
---------------+----------------+-----
Fighting       | 4 |  4.5
Axes           | 3 4 |  4.5
Armour         | 4 |  4.4
Shields        | |  4.9

Action                     |  1- 3 |  4- 6 || total
---------------------------+-------+-------++-------
  Melee: War axe           |    68 |   185 ||   253
    Use: Scroll            |     2 |     5 ||     7
 Armour: Scale mail        |    37 |     4 ||    41
         Ice dragon scales |       |   142 ||   142
  Dodge: Dodged            |    18 |    92 ||   110
  Block: Buckler           |    20 |    49 ||    69

Table legend: (Time is in decaauts)
 A = Elapsed time spent in this place.
 B = Non-inter-level travel time spent in this place.
 C = Inter-level travel time spent in this place.
 D = Time resting spent in this place.
 E = Time spent auto-exploring this place.
 F = Levels seen in this place.
 G = Mean time per level.
                   A        B        C        D        E       F      G
               +--------+--------+--------+--------+--------+-----+--------+
         Total |   1920 |   1889 |     31 |      0 |   1265 |   4 |  480.0 |
       Dungeon |   1816 |   1785 |     31 |      0 |   1206 |   3 |  605.3 |
         Sewer |    103 |    103 |      0 |      0 |     59 |   1 |  103.0 |
               +--------+--------+--------+--------+--------+-----+--------+

Top non-repeatable levels by time:
     D:2: 897 daAuts
     D:1: 531 daAuts
     D:3: 387 daAuts
   Sewer: 103 daAuts
